 Dungeon Crawl Stone Soup version 0.30-a0-728-gc68057be0a (webtiles) character file.

Game seed: 10263653967492343430

881 browni3141 the Digger (level 8, -4/60 HPs)
             Began as a Human Earth Elementalist on Jan 30, 2023.
             Was an Initiate of Kikubaaqudgha.
             Slain by Pikel
             ... wielding a +0 whip of electrocution
              (14 damage)
             ... on level 5 of the Dungeon.
             The game lasted 00:13:20 (5726 turns).

browni3141 the Digger (Human Earth Elementalist)    Turns: 5726, Time: 00:13:20

Health: -4/60      AC: 11    Str: 12    XL:     8   Next: 25%
Magic:  5/11       EV: 11    Int: 18    God:    Kikubaaqudgha [......]
Gold:   268        SH:  0    Dex: 13    Spells: 8/11 levels left

rFire   . . .      SeeInvis +    G - +1 short sword (freeze)
rCold   . . .      Faith    .    (no shield)
rNeg    . . .      Spirit   .    s - +1 ring mail of Ykikhlooff {Str+3 SInv}
rPois   .          Reflect  .    (no helmet)
rElec   .          Harm     .    (no cloak)
rCorr   .          Rampage  .    (no gloves)
Will    +....                    k - +0 pair of boots
Stlth   ++                       (no amulet)
HPRegen 0.30/turn                n - +4 ring of protection
MPRegen 0.12/turn                w - ring of willpower

@: no status effects
A: no striking features
a: Renounce Religion


You were on level 5 of the Dungeon.
You worshipped Kikubaaqudgha.
Kikubaaqudgha was noncommittal.
You visited 2 branches of the dungeon, and saw 7 of its levels.

You collected 268 gold pieces.

Inventory:

Hand Weapons
 e - a +0 club
 f - a +0 dagger
 g - a +0 short sword
 G - a +1 short sword of freezing (weapon)
Missiles
 p - 13 poisoned darts (quivered)
Armour
 a - a +0 robe
 k - a +0 pair of boots (worn)
 s - the +1 ring mail of Ykikhlooff (worn) {Str+3 SInv}
   (You took it off a kobold on level 2 of the Dungeon)

   Str:       It affects your strength (+3).
   SInv:      It lets you see invisible.
Jewellery
 n - a +4 ring of protection (left hand)
 w - a ring of willpower (right hand)
Scrolls
 d - a scroll of torment
 i - 2 scrolls of magic mapping
 j - a scroll of enchant weapon
 l - a scroll of fear {unknown}
 r - a scroll of poison {unknown}
 t - a scroll of vulnerability {unknown}
 v - a scroll of enchant armour {unknown}
 x - a scroll of immolation {unknown}
 y - a scroll of amnesia {unknown}
 B - a scroll of fog {unknown}
 E - a scroll of noise {unknown}
 F - a scroll of butterflies {unknown}
 I - a scroll of teleportation {unknown}
Potions
 b - a potion of lignification {unknown}
 c - 2 potions of might {unknown}
 h - 4 potions of curing {unknown}
 m - a potion of cancellation {unknown}
 o - 3 potions of heal wounds {unknown}
 q - a potion of brilliance {unknown}
 u - 3 potions of degeneration {unknown}
 z - 2 potions of attraction {unknown}
 A - a potion of mutation {unknown}
 C - a potion of flight {unknown}
 H - a potion of haste {unknown}


   Skills:
 - Level 4.0 Fighting
 - Level 3.0 Dodging
 - Level 5.0 Stealth
 - Level 2.0 Spellcasting
 - Level 4.0 Transmutations
 * Level 5.4 Earth Magic


You had 8 spell levels left.
You knew the following spells:

 Your Spells              Type           Power      Damage    Failure   Level
a - Sandblast             Erth           42%        2d11      4%          1
b - Passwall              Tmut/Erth      15%        N/A       9%          2

Your spell library contained the following spells:

 Spells                   Type           Power      Damage    Failure   Level
 Beastly Appendage        Tmut           32%        N/A       8%          1
 Wereblood                Tmut           16%        N/A       12%         2
 Magic Dart               Conj           4%         1d3       38%         1
 Stone Arrow              Conj/Erth      22%        3d8       38%         3
 Spider Form              Tmut/Pois      9%         N/A       47%         3
 Searing Ray              Conj           2%         2d4       52%         2
 Sublimation of Blood     Necr           1%         N/A       52%         2
 Petrify                  Tmut/Erth      18%        N/A       52%         4
 Ozocubu's Armour         Ice            1%         N/A       77%         3
 Fulminant Prism          Conj/Hex       0%         3d5       99%         4
 Irradiate                Conj/Tmut      4%         3d13      99%         5
 Ozocubu's Refrigeration  Ice            0%         4d7       100%        7


Dungeon Overview and Level Annotations

Branches:
Dungeon (6/15)             Temple (1/1) D:5

Altars:
Ashenzari
Dithmenos
Elyvilon
Fedhas
Gozag
Hepliaklqana
Kikubaaqudgha
Makhleb
Nemelex Xobeh
Okawaru
Qazlal
Sif Muna
Trog
Vehumet
Wu Jian
Xom
Zin
The Shining One

Shops:
D:4 [

Portals:
Abyss: D:6

Annotations:
D:2 1 runed translucent door, Crazy Yiuf
D:5 Pikel
D:6 1 transporter, bronco's ghost, novice DjFE


Message History

Casting: Sandblast (safe; 4% risk of failure)
Confirm with . or Enter, or press ? or * to list all spells.
Aiming: Sandblast (safe; 4% risk of failure)
Press: ? - help, Shift-Dir - straight line, f/p - Pikel
Aim: Pikel, wielding a +0 whip of electrocution and wearing a +0 robe (heavily wounded, 79% to hit)
The blast of sand misses Pikel.
Pikel misses you.
Casting: Sandblast (safe; 4% risk of failure)
Confirm with . or Enter, or press ? or * to list all spells.
Aiming: Sandblast (safe; 4% risk of failure)
Press: ? - help, Shift-Dir - straight line, f/p - Pikel
Aim: Pikel, wielding a +0 whip of electrocution and wearing a +0 robe (heavily wounded, 79% to hit)
The blast of sand misses Pikel.
Pikel misses you.
Pikel hits you with a +0 whip of electrocution!
* * * LOW HITPOINT WARNING * * *
Casting: Sandblast (safe; 4% risk of failure)
Confirm with . or Enter, or press ? or * to list all spells.
Aiming: Sandblast (safe; 4% risk of failure)
Press: ? - help, Shift-Dir - straight line, f/p - Pikel
Aim: Pikel, wielding a +0 whip of electrocution and wearing a +0 robe (heavily wounded, 79% to hit)
The blast of sand misses Pikel.
Pikel hits you with a +0 whip of electrocution.
* * * LOW HITPOINT WARNING * * *
Okay, then.
Okay, then.
Press: ? - help, v - describe, . - travel
Here: Pikel, wielding a +0 whip of electrocution and wearing a +0 robe (moderately wounded)
The floor.
As you read the scroll labelled UDWE REOXT, it crumbles to dust.
Your body is wracked with pain!
* * * LOW HITPOINT WARNING * * *
Pikel convulses!
It was a scroll of torment.
Pikel closely misses you.
As you read the scroll labelled BOENUC ORAOQUSOE, it crumbles to dust.
It is a scroll of enchant weapon.
Your +0 short sword of freezing glows red for a moment.
Pikel barely misses you.
You closely miss Pikel.
Pikel is severely wounded.
Pikel hits you but does no damage.
You are electrocuted!
You die...
Kikubaaqudgha rasps: "You have failed me!
Welcome... death!"

..####....# ##.#.#.#.#.#.#.#.#
.## #....## #................ ##
#.....# ..#.#.#.#.#.#.#.# #
#....(####..................
#.....((...###.#.#.#.#.#.#.#
#.†........##...............
##..####...####.#.#.#.#.#.#.#
#####...####...K##...............
................@.#.#.#.#.#.#.#.#
.........<.......................
####...############.#.#.#.#.#.#.#
.###..## #............... ..#...#
##.#.#.#.#.#.#.. ......#
##............. ##...##
###........... ##.## ##......####
### ##.#####


You could see Pikel.

Vanquished Creatures
  Sigmund (D:4)
  A black bear (D:6)
  An ogre (D:5)
  A centaur (D:5)
  4 lemures (D:5)
  A bullfrog (D:5)
  A kobold brigand (D:6)
  A necrophage (D:6)
  A scorpion (D:5)
  2 hounds (D:5)
  Robin (D:2)
  5 adders
  A shadow imp (D:5)
  An ufetubus (D:6)
  5 dart slugs
  A worm (D:2)
  An orc (D:3)
  2 bats
  6 endoplasms
  A giant cockroach (D:4)
  11 goblins
  10 hobgoblins
  4 jackals (D:1)
  12 kobolds
  7 quokkas
  8 ball pythons
  3 frilled lizards
  5 rats
98 creatures vanquished.

Notes
Turn   | Place    | Note
-------+----------+-------------------------------------------
     0 | D:1      | browni3141 the Human Earth Elementalist began the quest for
                  | the Orb.
     0 | D:1      | Reached XP level 1. HP: 13/13 MP: 3/3
   129 | D:1      | Reached skill level 1 in Fighting
   186 | D:1      | Reached XP level 2. HP: 2/21 MP: 0/5
   342 | D:1      | Learned a level 2 spell: Passwall
   493 | D:1      | Reached XP level 3. HP: 23/26 MP: 3/6
  1388 | D:2      | Noticed Robin
  1400 | D:2      | Reached XP level 4. HP: 34/34 MP: 2/7
  1447 | D:2      | Killed Robin
  1640 | D:2      | Identified the +1 ring mail of Ykikhlooff {Str+3 SInv}
  1910 | D:2      | Noticed Terence
  2236 | D:2      | Found a runed translucent door.
  2237 | D:2      | Noticed Crazy Yiuf
  2297 | D:3      | Reached XP level 5. HP: 40/40 MP: 6/8
  3048 | D:4      | Found Teikhlot's Armour Emporium.
  3181 | D:4      | Noticed Sigmund
  3190 | D:4      | Killed Sigmund
  3191 | D:4      | Reached XP level 6. HP: 44/47 MP: 3/9
  3955 | D:5      | Entered Level 5 of the Dungeon
  4091 | D:5      | Reached XP level 7. HP: 52/52 MP: 4/10
  4111 | D:5      | Reached skill level 5 in Earth Magic
  4271 | D:5      | Found a staircase to the Ecumenical Temple.
  4280 | Temple   | Entered the Ecumenical Temple
  4437 | Temple   | Became a worshipper of Kikubaaqudgha
  4557 | D:5      | Noticed Pikel
  5018 | D:6      | Reached XP level 8. HP: 49/60 MP: 5/11
  5093 | D:6      | Reached skill level 5 in Stealth
  5200 | D:6      | Found a transporter.
  5207 | D:6      | Found a one-way gate to the infinite horrors of the Abyss.
  5207 | D:6      | Noticed bronco's ghost (novice DjFE)
  5246 | D:6      | Identified the +3 ring mail of Filth {Will+ Int+4}
  5380 | D:6      | Noticed a troll
  5726 | D:5      | Slain by Pikel

Illustrated notes

Levels and vault maps discovered:
D:1:      dpeg_arrival_snail, layout_basic
D:2:      layout_basic, minmay_tetromino_s2, uniq_terence,
          uniq_crazy_yiuf_cottage, uniq_robin
D:3:      layout_basic
D:4:      layout_cave_pools, serial_shops, shop, uniq_sigmund
D:5:      layout_layer_cave, minmay_temple_entry_wispy, kennysheep_crisscross,
          uniq_pikel
D:6:      layout_loops_ring, gammafunk_ghost_abyssal_escape,
          hangedman_glass_teeth
Temple:   regret_index_temple_mists

Skill      XL: |  1  2  3  4  5  6  7  8 |
---------------+-------------------------+-----
Fighting       | 1 2 3 4 |  4.0
Transmutations | 2 3 4 |  4.0
Dodging        | 3 |  3.0
Earth Magic    | 4 5 |  5.4
Stealth        | 4 5 |  5.0
Spellcasting   | |  2.0

Action                     |  1- 3 |  4- 6 |  7- 9 || total
---------------------------+-------+-------+-------++-------
  Melee: Club              |     7 |       |       ||     7
         Dagger            |     7 |    11 |    14 ||    32
         Short sword       |       |       |     1 ||     1
  Throw: Dart              |       |     5 |    11 ||    16
   Cast: Sandblast         |    49 |    97 |    77 ||   223
         Passwall          |       |     2 |       ||     2
    Use: Scroll            |     1 |       |     2 ||     3
         Potion            |       |     1 |       ||     1
 Armour: Robe              |     7 |    22 |       ||    29
         Ring mail         |       |    11 |    52 ||    63
  Dodge: Dodged            |    17 |    42 |    73 ||   132

Table legend: (Time is in decaauts)
 A = Elapsed time spent in this place.
 B = Non-inter-level travel time spent in this place.
 C = Inter-level travel time spent in this place.
 D = Time resting spent in this place.
 E = Time spent auto-exploring this place.
 F = Levels seen in this place.
 G = Mean time per level.
                   A        B        C        D        E       F      G
               +--------+--------+--------+--------+--------+-----+--------+
         Total |   5893 |   5637 |    256 |    359 |   4240 |   7 |  841.9 |
       Dungeon |   5673 |   5427 |    246 |    359 |   4073 |   6 |  945.5 |
        Temple |    220 |    210 |     10 |      0 |    167 |   1 |  220.0 |
               +--------+--------+--------+--------+--------+-----+--------+

Top non-repeatable levels by time:
     D:1: 1426 daAuts
     D:2: 1179 daAuts
     D:5: 1169 daAuts
     D:3: 833 daAuts
     D:4: 587 daAuts
     D:6: 477 daAuts
  Temple: 220 daAuts
